 Dungeon Crawl Stone Soup version 0.30-a0-782-ge64f9170bb (webtiles) character file.

Game seed: 9049411887821547056

158 M4edhros the Ducker (level 5, -7/36 HPs)
             Began as an Octopode Artificer on Feb 20, 2023.
             Was an Elder of Jiyva.
             Mangled by a black bear (11 damage)
             ... on level 5 of the Dungeon.
             The game lasted 00:05:13 (2104 turns).

M4edhros the Ducker (Octopode Artificer)            Turns: 2104, Time: 00:05:14

Health: -7/36      AC:  1    Str: 11    XL:     5   Next: 39%
Magic:  5/5        EV: 19    Int: 13    God:    Jiyva [****..]
Gold:   138        SH:  0    Dex: 15    Spells: 4/4 levels left

rFire   + + +      SeeInvis .    (no weapon)
rCold   . . .      Faith    .    (no shield)
rNeg    . . .      Spirit   .    (helmet restricted)
rPois   .          Reflect  .    (no amulet)
rElec   .          Harm     .    n - +5 ring of evasion
rCorr   +          Rampage  .    o - ring of wizardry
Will    +....                    (no ring)
Stlth   +++                      (no ring)
HPRegen 1.54/turn                (no ring)
MPRegen 0.49/turn                (no ring)
                                 (no ring)
                                 (no ring)

@: no status effects
A: almost no armour, amphibious, 8 rings, camouflage 1, gelatinous body 1,
(nimble swimmer 1), tentacles, fire resistance 3, strong-willed 1
a: Renounce Religion, Oozemancy, Slimify


You were on level 5 of the Dungeon.
You worshipped Jiyva.
Jiyva was greatly pleased with you.
You visited 1 branch of the dungeon, and saw 5 of its levels.

You collected 138 gold pieces.

Inventory:

Hand Weapons
 f - a +2 short sword of freezing
Armour
 h - a +0 buckler
Jewellery
 n - a +5 ring of evasion (left tentacle)
 o - a ring of wizardry (right tentacle)
Wands
 b - a wand of flame (12) (quivered)
 c - a wand of charming (15)
 d - a wand of iceblast (5)
Scrolls
 a - a scroll of immolation {unknown}
 e - 3 scrolls of identify {unknown}
 j - a scroll of brand weapon {unknown}
 k - 2 scrolls of enchant weapon {unknown}
 l - 2 scrolls of fog {unknown}
 m - a scroll of magic mapping {unknown}
 q - a scroll of teleportation {unknown}
Potions
 g - a potion of mutation {unknown}
 i - a potion of magic {unknown}
 p - a potion of might {unknown}
 r - a potion of brilliance {unknown}
 s - a potion of curing {unknown}


   Skills:
 + Level 3.5 Fighting
 + Level 4.2 Dodging
 - Level 1.3 Stealth
 - Level 3.2 Evocations


You had 4 spell levels left.
You didn't know any spells.
Your spell library contained the following spells:

 Spells                   Type           Power      Damage    Failure   Level
 Kiss of Death            Conj/Necr      0%         2d5       12%         1
 Confusing Touch          Hex            0%         N/A       34%         3
 Dazzling Flash           Conj/Hex       0%         N/A       34%         3
 Tukima's Dance           Hex            0%         N/A       34%         3
 Dispel Undead            Necr           0%         3d6       73%         4
 Iskenderun's Mystic Bla  Conj/Tloc      0%         2d3       73%         4
 Passage of Golubria      Tloc           0%         N/A       73%         4
 Yara's Violent Unravell  Hex/Tmut       0%         3d3       96%         5
 Starburst                Conj/Fire      0%         6d3       100%        6


Dungeon Overview and Level Annotations

Branches:
Dungeon (5/15)
 Temple: D:4-7

Altars:
The Shining One
Jiyva

Annotations:
D:3 1 runed translucent door, Crazy Yiuf


Innate Abilities, Weirdness & Mutations

You cannot wear most types of armour.
You are amphibious.
You can wear up to eight rings at the same time.
Your skin changes colour to match your surroundings (Stealth+).
Your rubbery body absorbs attacks. (AC +1, EV +1)
((You are camouflaged when in or above water. (Stealth+)))
You have tentacles for arms and can constrict up to eight enemies at once.
Your flesh is almost immune to the effects of heat. (rF+++)
You are strong-willed. (Will+)


Message History

Found a stone staircase leading down.
You hear a distant slurping noise.
There is an open door here.
There is an open door here.
You hear a distant slurping noise.
There is an escape hatch in the floor here.
You open the door.
There is an open door here.
A black bear comes into view.
A black bear is nearby!
Okay, then.
Aiming: Throw Flame
Press: ? - help, Shift-Dir - straight line, f - black bear
Aim: a black bear (asleep, 100% to hit)
The puff of flame hits the black bear!
The black bear is moderately wounded.
The black bear growls angrily.
Aiming: Throw Flame
Press: ? - help, Shift-Dir - straight line, f/p - black bear
Aim: a black bear (moderately wounded, 79% to hit)
The puff of flame hits the black bear!
The black bear is severely wounded.
An adder comes into view.
Aiming: Throw Flame
Press: ? - help, Shift-Dir - straight line, f/p - black bear
Aim: a black bear (severely wounded, 79% to hit)
The puff of flame hits the black bear.
The black bear is severely wounded.
The adder hisses angrily.
The black bear goes berserk!
The black bear bites you! The black bear claws you! The black bear misses you.
You tentacle-slap the black bear but do no damage.
Your grab misses the black bear. Your squeeze misses the black bear.
The black bear is severely wounded.
The black bear bites you!
* * * LOW HITPOINT WARNING * * *
The black bear completely misses you. The black bear claws you.
* * * LOW HITPOINT WARNING * * *
The black bear bites you!
You die...

###
#.############
#............#
#.##########.#
#.# #.# #.#
#.# ### #@#
#.###.. #h#
#...#.# #S#
#######.#.#
#.#
........#.#
#.#
...####...'
#.# .. #.#.#
#.#
....###<#.#
#.#
...........
....###.#.#


You could see a black bear (berserk) and an adder.

Vanquished Creatures
  An orc priest (D:4)
  An iguana (D:4)
  2 adders
  2 ufetubi
  2 worms (D:2)
  5 dart slugs
  8 orcs
  3 giant cockroaches
  3 goblins
  2 hobgoblins (D:4)
  2 jackals (D:2)
  4 quokkas
  3 ball pythons
  4 bats
  4 frilled lizards
  6 kobolds
  4 rats
56 creatures vanquished.

Vanquished Creatures (others)
  An orc (D:4)
  An endoplasm (D:4)
  A goblin (D:1)
  A quokka (D:2)
  3 kobolds
  A rat (D:1)
  22 plants (D:1)
30 creatures vanquished.

Grand Total: 86 creatures vanquished

Notes
Turn   | Place    | Note
-------+----------+-------------------------------------------
     0 | D:1      | M4edhros the Octopode Artificer began the quest for the
                  | Orb.
     0 | D:1      | Reached XP level 1. HP: 13/13 MP: 1/1
    21 | D:1      | Found a faded altar of an unknown god.
    30 | D:1      | Prayed at the altar of an unknown god.
    30 | D:1      | Became a worshipper of Jiyva Jodam the Shapeless
    30 | D:1      | Reached * piety under Jiyva
   203 | D:1      | Reached XP level 2. HP: 18/18 MP: 2/2
   232 | D:1      | Reached ** piety under Jiyva
   596 | D:1      | Reached skill level 3 in Dodging
   735 | D:2      | Reached XP level 3. HP: 20/24 MP: 3/3
   961 | D:2      | Found a glowing golden altar of the Shining One.
  1092 | D:2      | Reached *** piety under Jiyva
  1234 | D:3      | Found a runed translucent door.
  1235 | D:3      | Noticed Crazy Yiuf
  1386 | D:3      | Reached XP level 4. HP: 30/30 MP: 4/4
  1704 | D:4      | Gained mutation: Your flesh is heat resistant. (rF+)
                  | [Jiyva's grace]
  1704 | D:4      | Gained mutation: Your flesh is very heat resistant. (rF++)
                  | [Jiyva's grace]
  1704 | D:4      | Gained mutation: Your flesh is almost immune to the effects
                  | of heat. (rF+++) [Jiyva's grace]
  1704 | D:4      | Gained mutation: You are strong-willed. (Will+) [Jiyva's
                  | grace]
  1749 | D:4      | Reached **** piety under Jiyva
  1805 | D:4      | Reached skill level 4 in Dodging
  1866 | D:4      | Reached XP level 5. HP: 36/36 MP: 5/5
  1990 | D:5      | Entered Level 5 of the Dungeon
  2097 | D:5      | Noticed a black bear
  2104 | D:5      | Mangled by a black bear

Illustrated notes

Levels and vault maps discovered:
D:1:      spicycebolla_arrival_clurvy, layout_basic,
          hellmonk_ecumenical_altar_arch_garden, minmay_misc_feat_cross
D:2:      layout_rooms, basic_altar
D:3:      layout_loops_cross, minivault_26, uniq_crazy_yiuf_cottage
D:4:      layout_rooms, nicolae_elyvilon_temple_path,
          nicolae_overflow_hidden_temple, temple_hall
D:5:      layout_basic, lemuel_round_altar, kennysheep_okawaru_gauntlet,
          hangedman_glass_teeth

Skill      XL: |  1  2  3  4 |
---------------+-------------+-----
Fighting       | 2 3 |  3.5
Dodging        | 3 4 |  4.2
Stealth        | |  1.3
Evocations     | |  3.2

Action                     |  1- 3 |  4- 6 || total
---------------------------+-------+-------++-------
  Melee: Unarmed           |    90 |    67 ||   157
         Constrict         |    29 |    20 ||    49
         Tentacles         |    22 |    15 ||    37
         Punch             |       |     3 ||     3
  Evoke: Wand              |       |     3 ||     3
   Stab: Sleeping          |     8 |     7 ||    15
         Distracted        |       |     1 ||     1
 Armour: Skin              |     4 |     1 ||     5
  Dodge: Dodged            |    51 |    61 ||   112

Table legend: (Time is in decaauts)
 A = Elapsed time spent in this place.
 B = Non-inter-level travel time spent in this place.
 C = Inter-level travel time spent in this place.
 D = Time resting spent in this place.
 E = Time spent auto-exploring this place.
 F = Levels seen in this place.
 G = Mean time per level.
                   A        B        C        D        E       F      G
               +--------+--------+--------+--------+--------+-----+--------+
         Total |   2101 |   2038 |     63 |      0 |   1069 |   5 |  420.2 |
       Dungeon |   2101 |   2038 |     63 |      0 |   1069 |   5 |  420.2 |
               +--------+--------+--------+--------+--------+-----+--------+

Top non-repeatable levels by time:
     D:1: 711 daAuts
     D:3: 501 daAuts
     D:2: 468 daAuts
     D:4: 306 daAuts
     D:5: 113 daAuts
